 Dungeon Crawl Stone Soup version 0.31-a0-1612-g4aaf141004 (webtiles) character file.

Game seed: 3343110554806829028

12996 Querens the Blocker (level 12, -6/97 HPs)
             Began as a Formicid Fighter on Jan 9, 2024.
             Was a Priest of Makhleb.
             Mangled by a gargoyle
             ... wielding a +0 flail
              (18 damage)
             ... on level 12 of the Dungeon.
             The game lasted 00:40:15 (6976 turns).

Querens the Blocker (Formicid Fighter)              Turns: 6976, Time: 00:40:16

Health: -6/97      AC: 17    Str: 26    XL:     12   Next: 27%
Magic:  18/18      EV:  7    Int:  8    God:    Makhleb [***...]
Gold:   615        SH: 13    Dex: 19    Spells: 11/11 levels left

rFire   . . .        K - +4 war axe
rCold   + . .        O - +0 kite shield
rNeg    . . .        I - +0 plate armour
rPois   .            (helmet unavailable)
rElec   .            h - +0 cloak
rCorr   .            m - +0 pair of gloves
SInv    +            (no boots)
Will    +....        G - amulet of the acrobat Stlth
                     H - +6 ring of dexterity
HPRegen 0.36/turn    N - ring of protection from cold
MPRegen 0.16/turn

%: acrobat
@: no status effects
A: permanent stasis, dig shafts and tunnels, antennae 3, four strong arms
a: Dig, Shaft Self, Renounce Religion, Minor Destruction, Lesser Servant of
Makhleb


You were on level 12 of the Dungeon.
You worshipped Makhleb.
Makhleb was most pleased with you.
You visited 2 branches of the dungeon, and saw 13 of its levels.

You collected 615 gold pieces.

Inventory:

Hand Weapons
 l - the +7 falchion of Usox {antimagic, rF+ rCorr}
   (You found it on level 8 of the Dungeon)

   rF+:       It protects you from fire.
   rCorr:     It protects you from acid and corrosion.
 E - the +7 falchion "Caicse" {flame, rC+ rCorr Str+3}
   (You found it on level 5 of the Dungeon)

   Str+3:     It affects your strength (+3).
   rC+:       It protects you from cold.
   rCorr:     It protects you from acid and corrosion.
 K - a +4 war axe (weapon)
Missiles
 a - a throwing net
 J - 5 curare-tipped darts
Armour
 b - a +0 leather armour of cold resistance
 h - a +0 cloak (worn)
 m - a +0 pair of gloves (worn)
 I - a +0 plate armour (worn)
 O - a +0 kite shield (worn)
Jewellery
 c - a ring of willpower
 G - an amulet of the acrobat (around neck)
 H - a +6 ring of dexterity (left hand)
 N - a ring of protection from cold (right hand)
Wands
 w - a wand of mindburst (2)
 x - a wand of flame (8)
 A - a wand of light (2)
Scrolls
 e - a scroll of noise {unknown}
 g - 3 scrolls of enchant armour
 j - 2 scrolls of fog
 k - 3 scrolls of enchant weapon {unknown}
 n - a scroll of immolation
 o - a scroll of silence {unknown}
 t - a scroll of blinking {unknown}
 y - 2 scrolls of acquirement {unknown}
 F - a scroll of revelation
 L - 2 scrolls of fear {unknown}
 M - a scroll of poison {unknown}
Potions
 d - a potion of might
 f - 2 potions of berserk rage {unknown}
 i - 5 potions of curing {unknown}
 p - 3 potions of mutation
 r - 3 potions of enlightenment {unknown}
 s - a potion of ambrosia {unknown}
 u - a potion of attraction {unknown}
 v - a potion of magic {unknown}
 z - a potion of haste {unknown}
 C - 4 potions of heal wounds
 P - a potion of lignification {unknown}


   Skills:
 + Level 10.2 Fighting
 + Level 9.0 Axes
 + Level 10.1 Armour
 + Level 12.0 Shields
 + Level 9.0 Invocations


You had 11 spell levels left.
You didn't know any spells.
Your spell library contained the following spells:

 Spells                   Type           Power      Damage    Failure   Level
 Apportation              Tloc           0%         N/A       100%        1
 Jinxbite                 Hex            0%         N/A       100%        2
 Stone Arrow              Conj/Erth      0%         3d7       100%        3
 Animate Armour           Summ/Erth      0%         N/A       100%        4
 Passage of Golubria      Tloc           0%         N/A       100%        4
 Alistair's Intoxication  Alch           0%         N/A       100%        5
 Silence                  Hex/Air        0%         N/A       100%        5
 Conjure Ball Lightning   Conj/Air       0%         3x3d6     100%        6
 Discord                  Hex            0%         N/A       100%        8
 Disjunction              Tloc           0%         N/A       100%        8
 Lehudib's Crystal Spear  Conj/Erth      0%         10d2      100%        8


Dungeon Overview and Level Annotations

Branches:
Dungeon (13/15)            Temple (1/1) D:5            Lair (0/5) D:9
 Vaults (0/5) D:13
    Orc: D:9-12

Altars:
Ashenzari
Cheibriados
Dithmenos
Elyvilon
Fedhas
Gozag
Hepliaklqana
Kikubaaqudgha
Makhleb
Nemelex Xobeh
Okawaru
Qazlal
Ru
Sif Muna
Trog
Uskayaw
Vehumet
Wu Jian
Xom
Yredelemnul
Zin
The Shining One

Shops:
D:2 (   D:9 :

Annotations:
D:7 1 runed translucent door, vurker's ghost, novice DjAE


Innate Abilities, Weirdness & Mutations

You cannot be hasted, slowed, berserked, paralysed or teleported.
You can dig through walls and to a lower floor.
You have a pair of large antennae on your head. (SInv)
Your four strong arms can wield two-handed weapons with a shield.


Message History

Your Axes skill increases to level 9!
Your Invocations skill increases to level 9!
Press: ? - help, v - describe, . - travel, g - get item Item here: 11 gold pieces.
The floor.
Found a scroll of enchant armour and a curved smoking staff.
You now have 615 gold pieces (gained 11).
g - 3 scrolls of enchant armour (gained 1)
There is a stone staircase leading up here.
You climb upwards.
Found a stone staircase leading down.
There is a stone staircase leading down here.
There is an open door here.
You close the door.
There is an open door here.
You close the door.
You open the door.
There is an open door here.
Found an escape hatch in the ceiling.
A gargoyle comes into view. It is wielding a +0 flail.
You slash the gargoyle!
The gargoyle is heavily damaged.
The gargoyle barely misses you.
You hit the gargoyle.
The gargoyle is heavily damaged.
The gargoyle hurls a stone arrow at you.
The stone arrow hits you!
You hit the gargoyle but do no damage.
The gargoyle is heavily damaged.
You block the gargoyle's attack.
You hit the gargoyle but do no damage.
The gargoyle is heavily damaged.
The gargoyle hits you but does no damage.
You barely miss the gargoyle.
The gargoyle is heavily damaged.
The gargoyle hurls a stone arrow at you.
The stone arrow hits you!!
* * * LOW HITPOINT WARNING * * *
The gargoyle hits you with a +0 flail!!
You die...

#.... .9. #.##
#..# ##.# #.#
#.#
###9#######
#.@.......#
#.........#
#.........#
+..#.........#
#...........#
###.........#
######.####
#......#
#.######


You could see a gargoyle.

Vanquished Creatures
  An ogre mage (D:13)
  A centaur warrior (D:10)
  2 dancing weapons (D:13)
  4 two-headed ogres
  Urug (D:9)
  A manticore (D:8)
  A black mamba (shapeshifter) (D:10)
  An unseen horror (D:9)
  A komodo dragon (D:7)
  Psyche (D:8)
  A troll (D:13)
  7 yaks (D:9)
  A shadow (D:6)
  Sigmund (D:5)
  3 wraiths
  Eustachio (D:4)
  A steam dragon (D:7)
  2 vampire mosquitoes (D:13)
  Menkaure (D:6)
  2 orc warriors (D:9)
  An ice beast (D:5)
  A black bear (D:6)
  2 sky beasts
  A kobold brigand (D:7)
  A phantom (D:6)
  4 bullfrogs
  13 wights
  A troll skeleton (D:9)
  4 howler monkeys
  5 spriggan skeletons (D:9)
  4 lava snakes (D:9)
  A bombardier beetle (D:5)
  5 hounds
  6 orc priests
  2 jellies (D:5)
  3 sleepcaps (D:6)
  3 gnoll boudas
  12 orc wizards
  3 adders
  16 gnolls
  2 ufetubi (D:5)
  A dart slug (D:3)
  3 ribbon worms
  30 orcs
  5 ball pythons
  12 bats
  4 endoplasms
  2 giant cockroaches (D:4)
  10 goblins
  4 hobgoblins
  4 jackals (D:4)
  2 quokkas
  3 frilled lizards
  12 kobolds
  4 rats
  A butterfly (D:6)
221 creatures vanquished.

Vanquished Creatures (others)
  A cyclops (D:10)
  A black mamba (shapeshifter) (D:8)
  A komodo dragon (D:8)
3 creatures vanquished.

Grand Total: 224 creatures vanquished

Notes
Turn   | Place    | Note
-------+----------+-------------------------------------------
     0 | D:1      | Querens the Formicid Fighter began the quest for the Orb.
     0 | D:1      | Reached XP level 1. HP: 18/18 MP: 1/1
   216 | D:1      | Reached XP level 2. HP: 24/24 MP: 2/2
   579 | D:2      | Reached XP level 3. HP: 20/29 MP: 3/3
   725 | D:2      | Found a faded altar of an unknown god.
   727 | D:2      | Reached XP level 4. HP: 34/37 MP: 4/4
   863 | D:2      | Found Moturid's Weapon Shoppe.
  1947 | D:4      | Noticed Eustachio
  1970 | D:4      | Killed Eustachio
  1971 | D:4      | Reached skill level 5 in Shields
  1971 | D:4      | Reached XP level 5. HP: 16/43 MP: 5/5
  1971 | D:4      | Reached XP level 6. HP: 18/49 MP: 6/6
  2493 | D:5      | Entered Level 5 of the Dungeon
  2493 | D:5      | Noticed an ice beast
  2507 | D:5      | Killed an ice beast
  2508 | D:5      | Reached skill level 6 in Shields
  2508 | D:5      | Reached XP level 7. HP: 33/55 MP: 7/7
  2514 | D:5      | Reached skill level 5 in Fighting
  2514 | D:5      | Reached skill level 5 in Armour
  2516 | D:5      | Found an iron altar of Okawaru.
  2523 | D:5      | Identified the +7 falchion "Caicse" {flame, rC+ rCorr
                  | Str+3}
  2561 | D:5      | Noticed Sigmund
  2573 | D:5      | Killed Sigmund
  2704 | D:5      | Reached XP level 8. HP: 19/63 MP: 8/8
  2707 | D:5      | HP: 2/63 [burnt (4)]
  2762 | D:5      | Found a sacrificial altar of Ru.
  3007 | D:5      | Found a staircase to the Ecumenical Temple.
  3018 | Temple   | Entered the Ecumenical Temple
  3024 | Temple   | Became a worshipper of Makhleb the Destroyer
  3190 | D:5      | Reached skill level 7 in Shields
  3194 | D:6      | Found a shimmering altar of Xom.
  3209 | D:5      | Reached skill level 1 in Invocations
  3285 | D:6      | Reached skill level 5 in Axes
  3436 | D:6      | Noticed Menkaure
  3639 | D:6      | Killed Menkaure
  3640 | D:6      | Reached XP level 9. HP: 32/71 MP: 11/11
  3786 | D:6      | Found a hazy altar of Hepliaklqana.
  3819 | D:6      | Reached skill level 8 in Shields
  3854 | D:6      | Reached * piety under Makhleb
  4059 | D:7      | Noticed a komodo dragon
  4082 | D:7      | Found a runed translucent door.
  4120 | D:7      | Killed a komodo dragon
  4132 | D:7      | Reached skill level 9 in Shields
  4139 | D:7      | Reached XP level 10. HP: 63/79 MP: 13/13
  4180 | D:7      | Noticed vurker's ghost (novice DjAE)
  4182 | D:7      | Found a white marble altar of Elyvilon.
  4250 | D:7      | Reached skill level 5 in Invocations
  4386 | D:7      | Found a snail-covered altar of Cheibriados.
  4543 | D:8      | Noticed a black mamba
  4543 | D:8      | Noticed a komodo dragon
  4543 | D:8      | Noticed a manticore
  4556 | D:8      | Killed a black mamba
  4557 | D:8      | Killed a komodo dragon
  4564 | D:8      | Killed a manticore
  4564 | D:8      | Reached ** piety under Makhleb
  4582 | D:8      | Identified the +7 falchion of Usox {antimagic, rF+ rCorr}
  4911 | D:8      | Noticed a two-headed ogre
  4920 | D:8      | Killed a two-headed ogre
  4921 | D:8      | Reached skill level 10 in Shields
  5031 | D:8      | Found a bloodstained altar of Trog.
  5135 | D:8      | Noticed Psyche
  5151 | D:8      | Killed Psyche
  5356 | D:9      | Reached XP level 11. HP: 34/87 MP: 16/16
  5484 | D:9      | Found Uvyirhi's Book Shop.
  5516 | D:9      | Noticed a two-headed ogre
  5627 | D:9      | Reached *** piety under Makhleb
  5969 | D:9      | Found a staircase to the Lair.
  5990 | D:9      | Killed a two-headed ogre
  5991 | D:9      | Reached skill level 11 in Shields
  6042 | D:10     | Entered Level 10 of the Dungeon
  6042 | D:10     | Noticed Urug
  6042 | D:10     | Noticed a two-headed ogre
  6055 | D:9      | Killed Urug
  6132 | D:10     | Noticed a cyclops
  6189 | D:10     | Noticed a centaur warrior
  6194 | D:10     | Killed a cyclops
  6359 | D:10     | Killed a centaur warrior
  6409 | D:10     | Noticed a catoblepas
  6409 | D:10     | Noticed a cyclops
  6413 | D:10     | You fall into a shaft and drop 3 floors!
  6484 | D:13     | Noticed a two-headed ogre
  6501 | D:13     | Killed a two-headed ogre
  6624 | D:12     | Noticed a skeletal warrior
  6624 | D:12     | Noticed a skeletal warrior
  6624 | D:12     | Noticed a skeletal warrior
  6624 | D:12     | Noticed a skeletal warrior
  6727 | D:13     | Noticed an ogre mage
  6743 | D:13     | Killed an ogre mage
  6749 | D:13     | Reached XP level 12. HP: 94/97 MP: 18/18
  6765 | D:13     | Noticed a two-headed ogre
  6771 | D:13     | Killed a two-headed ogre
  6832 | D:13     | Found a gate to the Vaults.
  6832 | D:13     | Noticed a +5 long sword
  6836 | D:13     | Killed a +5 long sword
  6837 | D:13     | Reached skill level 10 in Fighting
  6837 | D:13     | Reached skill level 10 in Armour
  6843 | D:13     | Reached skill level 12 in Shields
  6850 | D:13     | Noticed a +6 long sword
  6866 | D:13     | Killed a +6 long sword
  6976 | D:12     | Mangled by a gargoyle

Illustrated notes

Levels and vault maps discovered:
D:1:      spicycebolla_green_bress_n_ham, layout_loops_ring, minmay_tromino_v4_a
D:2:      layout_basic, serial_shops, nicolae_shop_bloodbath_and_beyond,
          serial_forest, infiniplex_forest_side_room,
          infiniplex_forest_straight_4, infiniplex_forest_end_double,
          infiniplex_forest_split, infiniplex_forest_end_3,
          infiniplex_forest_clump_long, infiniplex_forest_clump_small,
          infiniplex_forest_straight_2, hellmonk_ecumenical_altar_blasted
D:3:      layout_loops_ring, st_stairs_4, roderic_batcave
D:4:      layout_loops_corners, uniq_eustachio
D:5:      layout_loops_ring, hangedman_ru_absence, okawaru_ov_weapons_minmay,
          minmay_temple_entry_proselytizer, minmay_fractal_squares_5,
          uniq_sigmund
D:6:      layout_cave_pools, xom_butterflies, lemuel_tele_altar,
          minmay_crystal_room, serial_library_hellmonk_layered_room,
          grunt_ministairs_5, dreamdust_gnoll_farm, uniq_menkaure
D:7:      layout_rooms, nicolae_overflow_crystal_walls, chei_slow_surprise,
          ebering_ghost_inner_flame
D:8:      layout_layer_cave, trog_hazing_becter, minmay_radiant, uniq_psyche
D:9:      layout_big_octagon, serial_column_ruins,
          column_ruins_columns_straight, column_ruins_open_tiny,
          column_ruins_open_tiny, serial_shops, nicolae_take_the_stairs,
          hangedman_tell_no_tales
D:10:     minmay_tri_box, layout_cave_pools,
          kennysheep_orc_monster_closet_entryway, uniq_urug
D:12:     layout_roguey
D:13:     minmay_diamond_stairs, layout_loops_ring, erik_vaults_1, uniq_sonja
Temple:   minmay_freezing_vapour_temple

Skill      XL: |  1  2  3  4  5  6  7  8  9 10 11 12 |
---------------+-------------------------------------+-----
Fighting       | 4 5 6 7 8 9 10 | 10.2
Armour         | 4 5 6 7 8 9 10 | 10.1
Axes           | 3 4 5 6 7 8 9 |  9.0
Shields        | 5 6 7 9 10 11 12 | 12.0
Invocations    | 3 4 6 8 9 |  9.0

Action                     |  1- 3 |  4- 6 |  7- 9 | 10-12 || total
---------------------------+-------+-------+-------+-------++-------
  Melee: War axe           |    62 |   172 |   226 |   293 ||   753
         Falchion          |       |       |     3 |       ||     3
 Invoke: Minor Destruction |       |       |       |     5 ||     5
         Lesser Servant of |       |       |       |     1 ||     1
Ability: Dig               |       |     1 |       |     2 ||     3
         Shaft Self        |       |       |       |     1 ||     1
  Evoke: Wand              |       |    10 |    15 |    37 ||    62
    Use: Scroll            |       |       |     6 |     3 ||     9
         Potion            |       |       |       |     2 ||     2
   Stab: Paralysed         |       |     6 |     9 |       ||    15
         Invisible         |       |       |       |    13 ||    13
 Armour: Scale mail        |    48 |     9 |       |       ||    57
         Chain mail        |       |   138 |    37 |       ||   175
         Plate armour      |       |       |   191 |   226 ||   417
  Dodge: Dodged            |    38 |   105 |   119 |    81 ||   343
  Block: Buckler           |    19 |    64 |    86 |    43 ||   212
         Kite shield       |       |       |       |    90 ||    90

Table legend: (Time is in decaauts)
 A = Elapsed time spent in this place.
 B = Non-inter-level travel time spent in this place.
 C = Inter-level travel time spent in this place.
 D = Time resting spent in this place.
 E = Time spent auto-exploring this place.
 F = Levels seen in this place.
 G = Mean time per level.
                   A        B        C        D        E       F      G
               +--------+--------+--------+--------+--------+-----+--------+
         Total |   7183 |   6615 |    568 |      8 |      0 |  13 |  552.5 |
       Dungeon |   7171 |   6603 |    568 |      8 |      0 |  12 |  597.6 |
        Temple |     11 |     11 |      0 |      0 |      0 |   1 |   11.0 |
               +--------+--------+--------+--------+--------+-----+--------+

Top non-repeatable levels by time:
     D:8: 1019 daAuts
     D:4: 870 daAuts
     D:6: 855 daAuts
     D:9: 790 daAuts
     D:5: 747 daAuts
     D:2: 648 daAuts
     D:1: 535 daAuts
     D:3: 523 daAuts
     D:7: 428 daAuts
    D:13: 382 daAuts
    D:12: 188 daAuts
    D:10: 181 daAuts
  Temple: 11 daAuts
